 Dungeon Crawl Stone Soup version 0.25-a0-589-g1e14c549ee (webtiles) character file.

Game seed: 1486474753952354924, levelgen mode: deterministic

7244 Erk the Spear-Bearer (level 10, -2/97 HPs)
             Began as a Minotaur Fighter on Mar 11, 2020.
             Was a Follower of Ashenzari.
             Slain by a hornet zombie (9 damage)
             ... on level 9 of the Dungeon.
             The game lasted 00:38:33 (9228 turns).

Erk the Spear-Bearer (Minotaur Fighter)             Turns: 9228, Time: 00:38:33

Health: -2/97      AC:  7    Str: 24    XL:     10   Next: 88%
Magic:  9/9        EV: 14    Int:  5    God:    Ashenzari [*.....]
Gold:   490        SH:  0    Dex: 10    Spells: 9/9 levels left

rFire    + . .     SeeInvis .   L - +2 battleaxe (curse)
rCold    + . .     Gourm    .   (shield currently unavailable)
rNeg     . . .     Faith    .   H - +3 leather armour {MR+}
rPois    +         Spirit   .   (helmet restricted)
rElec    .         Reflect  .   n - scarf {rC+ rF+} (curse)
rCorr    .         Harm     .   (no gloves)
MR       +....                  (no boots)
Stlth    +.........             (no amulet)
HPRegen  0.26/turn              l - ring of poison resistance (curse)
MPRegen  0.11/turn              F - +1 ring of protection (curse)

@: no status effects
A: retaliatory headbutt, horns 2
a: Curse Item, Scrying, Renounce Religion


You were on level 9 of the Dungeon.
You worshipped Ashenzari.
Ashenzari was aware of your devotion.
You were not hungry.

You visited 2 branches of the dungeon, and saw 10 of its levels.

You collected 523 gold pieces.
You spent 33 gold pieces at shops.

Inventory:

Hand Weapons
 a - a +1 vampiric spear
 m - a +0 morningstar
 s - a +2 dire flail of holy wrath
 w - a +2 short sword of speed
 E - a +4 long sword
 K - a +4 battleaxe
 L - a cursed +2 battleaxe (weapon)
 V - a +3 halberd of pain
 Z - a +0 longbow
Missiles
 D - 22 poisoned darts (quivered)
 R - 25 arrows
 S - 12 boomerangs
Armour
 b - a cursed +0 plate armour
 c - a +0 kite shield
 n - a cursed scarf of resistance (worn)
 v - a +2 chain mail of fire resistance
 y - a +1 cloak
 G - a cursed +0 chain mail
 H - a +3 leather armour of magic resistance (worn)
 M - a cursed -1 leather armour
 W - +0 acid dragon scales
Jewellery
 l - a cursed ring of poison resistance (left hand)
 C - an uncursed amulet of harm
 F - a cursed +1 ring of protection (right hand)
Wands
 x - a wand of disintegration (13)
 A - a wand of clouds (4)
 I - a wand of random effects (18)
 O - a wand of paralysis (5)
 T - a wand of flame (14)
Scrolls
 e - 3 scrolls of enchant weapon
 g - 3 scrolls of immolation {unknown}
 i - a scroll of vulnerability {unknown}
 k - 3 scrolls of enchant armour
 o - 4 scrolls of magic mapping {unknown}
 q - 8 scrolls of teleportation
 u - a scroll of random uselessness {unknown}
 J - 3 scrolls of amnesia {unknown}
 P - a scroll of noise {unknown}
 Q - a scroll of blinking {unknown}
 U - a scroll of acquirement {unknown}
 X - a scroll of remove curse
Potions
 d - a potion of might
 h - 3 potions of berserk rage
 j - 3 potions of brilliance
 p - 6 potions of curing
 r - a potion of resistance
 z - 2 potions of mutation
 B - a potion of invisibility
 N - 2 potions of haste {unknown}
Comestibles
 f - 20 rations
 Y - 3 chunks of flesh


   Skills:
 + Level 11.6 Fighting
 + Level 7.6(10.8) Axes
 - Level 12.0(12.8) Polearms
 - Level 3.7 Armour
 + Level 7.0 Dodging
 - Level 4.7 Shields


You had 9 spell levels left.
You didn't know any spells.
Your spell library was empty.

Dungeon Overview and Level Annotations

Branches:
Dungeon (9/15)             Temple (1/1) D:7            Lair (0/6) D:9
    Orc (0/2) D:9

Altars:
Ashenzari
Cheibriados
Dithmenos
Elyvilon
Fedhas
Gozag
Hepliaklqana
Kikubaaqudgha
Makhleb
Nemelex Xobeh
Okawaru
Qazlal
Ru
Sif Muna
Trog
Uskayaw
Vehumet
Wu Jian
Xom
Yredelemnul
Zin
The Shining One
Beogh

Shops:
D:5 =   D:7 }


Innate Abilities, Weirdness & Mutations

You reflexively headbutt those who attack you in melee.
You have a pair of horns on your head.


Message History

You headbutt the hornet zombie, but do no damage.
The hornet zombie is almost destroyed.
The hornet zombie hits you.
* * * LOW HITPOINT WARNING * * *
The hornet zombie completely misses you.
You closely miss the hornet zombie.
The hornet zombie is almost destroyed.
The hornet zombie barely misses you.
You completely miss the hornet zombie.
The hornet zombie is almost destroyed.
The hornet zombie closely misses you. The hornet zombie hits you!
* * * LOW HITPOINT WARNING * * *
You closely miss the hornet zombie. Your headbutt misses the hornet zombie.
The hornet zombie is almost destroyed.
The hornet zombie barely misses you.
You hit the hornet zombie.
The hornet zombie is almost destroyed.
The hornet zombie hits you but does no damage.
The hornet zombie hits you!
You die...

### ..# #######
########### ..+
..$.... #.........#
..#
.......####.........#
..#
.......Z@.'.........#
..#
....$..####.........#
..# .......
#....รทรท...# ..#
....... #####'#####
### ....... ##.#
#+##### #..# #.##
##'#### # #>....# #


You could see a hornet zombie.

Vanquished Creatures
  Harold (D:8)
  Maggie (D:8)
  Grinder (D:5)
  A hippogriff (D:8)
  A wyvern (D:9)
  A spriggan (D:7)
  7 yaks (D:9)
  Eustachio (D:5)
  A steam dragon (D:7)
  A hungry ghost (D:7)
  A vampire mosquito (D:8)
  Edmund (D:5)
  An acid dragon (D:9)
  A water moccasin (D:9)
  6 orc warriors
  A phantom (D:8)
  2 sky beasts
  3 ice beasts
  2 ogres
  2 necrophages (D:6)
  5 centaurs
  2 bullfrogs
  3 scorpions
  5 wights
  A howler monkey (D:5)
  2 crimson imps
  A quasit (D:9)
  10 orc priests
  3 jellies
  A bullfrog skeleton (D:5)
  5 hounds
  7 orc wizards
  Crazy Yiuf (D:3)
  An iguana (D:4)
  3 worker ants
  12 gnolls
  10 adders
  A shadow imp (D:8)
  An ooze (D:1)
  2 adder zombies (D:6)
  An adder skeleton (D:7)
  A worm (D:3)
  3 leopard geckos
  40 orcs
  4 giant cockroaches
  6 goblins
  6 hobgoblins
  15 jackals
  A ball python (D:5)
  3 bats
  11 frilled lizards
  A jackal skeleton (D:4)
  4 kobolds
  A leopard gecko skeleton (D:4)
  A leopard gecko zombie (D:6)
  9 rats
219 creatures vanquished.

Notes
Turn   | Place    | Note
-------+----------+-------------------------------------------
     0 | D:1      | Erk the Minotaur Fighter began the quest for the Orb.
     0 | D:1      | Reached XP level 1. HP: 19/19 MP: 0/0
   488 | D:1      | Reached XP level 2. HP: 27/27 MP: 1/1
  1001 | D:2      | Reached XP level 3. HP: 29/34 MP: 2/2
  1400 | D:2      | Found a shimmering blue altar of Sif Muna.
  1402 | D:2      | Found a sparkling altar of Nemelex Xobeh.
  1402 | D:2      | Found a shimmering blue altar of Sif Muna.
  1404 | D:2      | Found a shimmering altar of Xom.
  1404 | D:2      | Found an ornate altar of the Wu Jian Council.
  1404 | D:2      | Found a hide-covered altar of Uskayaw.
  1837 | D:3      | Reached XP level 4. HP: 31/41 MP: 3/3
  1844 | D:3      | Reached skill level 3 in Polearms
  1895 | D:3      | Found a runed translucent door.
  1896 | D:3      | Noticed Crazy Yiuf
  1939 | D:3      | Reached skill level 4 in Polearms
  1941 | D:3      | Reached XP level 5. HP: 46/47 MP: 4/4
  1946 | D:3      | Reached skill level 5 in Polearms
  2051 | D:3      | Found a hazy altar of Hepliaklqana.
  2113 | D:3      | Found a faded altar of an unknown god.
  2270 | D:3      | Found a stormy altar of Qazlal.
  2702 | D:3      | Killed Crazy Yiuf
  2702 | D:3      | Reached skill level 6 in Polearms
  2767 | D:4      | Reached XP level 6. HP: 53/53 MP: 5/5
  3164 | D:4      | Reached skill level 7 in Polearms
  3564 | D:5      | Entered Level 5 of the Dungeon
  3577 | D:5      | Noticed Grinder
  3606 | D:5      | Paralysed by Grinder for 7 turns
  3617 | D:5      | Killed Grinder
  3617 | D:5      | Reached skill level 9 in Polearms
  3617 | D:5      | Reached XP level 7. HP: 41/60 MP: 6/6
  3869 | D:5      | Found Aqi Xuom's Jewellery Shop.
  3872 | D:5      | Bought a +1 ring of protection for 33 gold pieces
  3953 | D:5      | Noticed Edmund
  3964 | D:5      | Killed Edmund
  3964 | D:5      | Reached skill level 10 in Polearms
  4037 | D:5      | Noticed Eustachio
  4038 | D:5      | Reached XP level 8. HP: 67/67 MP: 7/7
  4075 | D:5      | Killed Eustachio
  4075 | D:5      | Reached skill level 11 in Polearms
  4098 | D:5      | Found a basalt altar of Yredelemnul.
  4697 | D:6      | Reached skill level 12 in Polearms
  4741 | D:5      | Reached skill level 5 in Fighting
  5423 | D:6      | Found a snail-covered altar of Cheibriados.
  5424 | D:6      | Found a white marble altar of Elyvilon.
  5428 | D:6      | Reached XP level 9. HP: 79/79 MP: 8/8
  5617 | D:7      | Found Sonkeck's Gadget Shoppe.
  5716 | D:7      | Found a staircase to the Ecumenical Temple.
  5725 | Temple   | Entered the Ecumenical Temple
  5925 | Temple   | Became a worshipper of Ashenzari the Shackled
  6022 | D:7      | Found a sacrificial altar of Ru.
  6496 | D:7      | Reached skill level 1 in Axes
  6496 | D:7      | Reached skill level 1 in Dodging
  7116 | D:8      | Reached skill level 10 in Fighting
  7327 | D:8      | Noticed Harold
  7336 | D:8      | Killed Harold
  7336 | D:8      | Reached skill level 5 in Axes
  7336 | D:8      | Reached XP level 10. HP: 24/94 MP: 9/9
  7753 | D:8      | Noticed Maggie
  7761 | D:8      | Paralysed by Maggie for 5 turns
  7767 | D:8      | Killed Maggie
  7842 | D:8      | Reached * piety under Ashenzari
  8081 | D:8      | Reached skill level 5 in Dodging
  8234 | D:9      | Found a staircase to the Lair.
  8796 | D:9      | Found a roughly hewn altar of Beogh.
  8796 | D:9      | Found a staircase to the Orcish Mines.
  9218 | D:9      | HP: 3/96 [yak (9)]
  9228 | D:9      | Slain by a hornet zombie

Levels and vault maps discovered:
D:1:      ncdulo_lavacross, layout_basic
D:2:      layout_basic, doesnt_xom_only_xom
D:3:      layout_loops_ring, marbit_many_paths, first_ration,
          chequers_ecumenical_altar_simple, lemuel_tele_altar,
          uniq_crazy_yiuf_cottage
D:4:      layout_layer_cave
D:5:      layout_loops_ring, basic_altar, serial_shops, kennysheep_mini_moat,
          kennysheep_windowed_goal, uniq_grinder, uniq_edmund, uniq_eustachio
D:6:      lemuel_upstairs_altar, layout_cave_pools, grunt_temple_overflow_open
D:7:      layout_basic, nicolae_ru_awakened_eye, minmay_temple_entry_junction_2,
          serial_shops, shop, the_bakery, minmay_door_square
D:8:      layout_basic, kennysheep_generic_room_5, uniq_harold, uniq_maggie
D:9:      layout_roguey, dpeg_oklobed_lair, david_orc_5
Temple:   eino_narrow_crystal_temple

Skill      XL: |  1  2  3  4  5  6  7  8  9 10 |
---------------+-------------------------------+-----
Fighting       | 4 7 10 11 | 11.6
Shields        | 4 |  4.7
Polearms       | 4 6 9 10 12 | 12.0
Axes           | 5 7 |  7.6
Dodging        | 4 7 |  7.0
Armour         | |  3.7

Action                   |  1- 3 |  4- 6 |  7- 9 | 10-12 || total
-------------------------+-------+-------+-------+-------++-------
Melee: Trident           |    68 |       |       |       ||    68
       Headbutt          |     6 |    31 |    71 |    30 ||   138
       Spear             |    21 |   219 |   321 |       ||   561
       Battleaxe         |       |       |    79 |   150 ||   229
Throw: Dart              |       |       |       |     1 ||     1
Invok: Curse Item        |       |       |     3 |       ||     3
  Use: Scroll            |       |     1 |     9 |     1 ||    11
       Potion            |       |       |     1 |     1 ||     2
  Eat: Chunk             |     2 |     7 |    12 |     7 ||    28
       Ration            |       |       |     2 |       ||     2
Armor: Scale mail        |    36 |    23 |       |       ||    59
       Plate armour      |       |    35 |    88 |       ||   123
       Leather armour    |       |       |    34 |    36 ||    70
Dodge: Dodged            |    16 |    26 |    77 |   135 ||   254
Block: Kite shield       |    35 |    55 |    93 |       ||   183

Table legend:
 A = Non-vault XP
 B = Vault XP
 C = Vault XP percentage of total XP
 D = Non-vault monster count
 E = Vault monster count
 F = Vault count percentage of total count
                 A         B        C        D         E       F
            +---------+---------+-------+---------+---------+-------
      Total |    6786 |    3563 |  34.4 |     186 |      33 |  15.1
            +---------+---------+-------+---------+---------+-------
        D:1 |      22 |       0 |   0.0 |       9 |       0 |   0.0
        D:2 |      60 |       0 |   0.0 |      19 |       0 |   0.0
        D:3 |     238 |      40 |  14.4 |      34 |       2 |   5.6
        D:4 |     355 |       0 |   0.0 |      12 |       0 |   0.0
        D:5 |     488 |     638 |  56.7 |      17 |       4 |  19.0
        D:6 |    1052 |       0 |   0.0 |      45 |       0 |   0.0
        D:7 |     746 |     211 |  22.0 |       8 |       1 |  11.1
        D:8 |    1421 |    2112 |  59.8 |      27 |       7 |  20.6
        D:9 |    2404 |     562 |  18.9 |      15 |      19 |  55.9
            +---------+---------+-------+---------+---------+-------
